AoeStats
← Bzm_Cordobez

Oasis

509924871Analyzed
3v3 RM · 5d ago on Sep 28, 2026· 34m 44s· 6 players
Game mode
Random Map
Map size
Normal (6 player)
Population
200
Speed
Normal
Resources
Standard
Victory
Conquest
Starting age
Dark Age
Ending age
Imperial Age
RankedLock teamsTeams togetherTeam positionsShared explorationLock speedFull tech treeHidden civsTurbo modeCheats
Victory
Defeat
🇭🇺 Britons · Hungary
1361
+14
🇬🇧 Teutons · United Kingdom
1306
+17
🇭🇺 Italians · Hungary
1305
+17
🇹🇷 Khmer · Türkiye
1629
-24
🇹🇷 Ethiopians · Türkiye
1621
-23
🇹🇷 Britons · Türkiye
657
-1
Bzm_Cordobez
7:08 Loom
9:01 Feudal Age
12:44 Forging
13:28 Double-Bit Axe
13:35 Horse Collar
19:15 Scale Barding Armor
25:02 Bloodlines
29:34 Castle Age
28:47 Wheelbarrow
30:23 Husbandry
30:44 Chain Barding Armor
30:59 Iron Casting
29:45 Light Cavalry
32:36 Bow Saw
32:18 Gold Mining
Bzm_Thejose
6:40 Loom
8:58 Feudal Age
9:34 Double-Bit Axe
12:36 Fletching
19:03 Padded Archer Armor
22:21 Castle Age
21:41 Gold Mining
22:28 Crossbowman
23:05 Bodkin Arrow
24:46 Ballistics
25:41 Leather Archer Armor
29:51 Wheelbarrow
29:02 Town Watch
30:51 Thumb Ring
Mydonos
aaa
9:59 Feudal Age
11:01 Double-Bit Axe
16:43 Scale Barding Armor
17:18 Bloodlines
17:22 Forging
17:34 Loom
19:14 Town Watch
21:48 Castle Age
20:07 Horse Collar
22:41 Bow Saw
22:57 Gold Mining
24:01 Heavy Plow
24:41 Wheelbarrow
25:19 Stone Mining
27:41 Chain Barding Armor
30:00 Town Watch
31:29 Hand Cart
33:59 Iron Casting
doktormakkos
9:59 Loom
11:44 Feudal Age
12:52 Double-Bit Axe
16:44 Padded Archer Armor
17:23 Fletching
22:08 Castle Age
20:58 Horse Collar
22:09 Gold Mining
22:19 Elite Skirmisher
23:57 Bodkin Arrow
24:26 Ballistics
26:28 Leather Archer Armor
27:25 Heavy Plow
29:03 Redemption
29:39 Wheelbarrow
32:41 Thumb Ring
Hrafn_the_Berzerker
8:22 Loom
11:03 Feudal Age
11:20 Man-at-Arms
12:21 Double-Bit Axe
22:32 Town Watch
22:39 Gold Mining
25:13 Castle Age
23:12 Horse Collar
26:01 Pikeman
27:05 Scale Mail Armor
32:43 Bow Saw
32:41 Arson
34:17 Chain Mail Armor
Connection lost

Rejoining the realm…

Still unreachable

The connection could not be restored.

Session expired

The server has moved on; the page needs a fresh start.